 Dungeon Crawl Stone Soup version 0.29.1-15-g9cfb28693d (webtiles) character file.

Game seed: 10575719164277600828

539 nightchill the Cudgeller (level 7, -3/45 HPs)
             Began as a Gargoyle Fighter on Mar 15, 2023.
             Slain by a gnoll
             ... wielding a +0 spear
             ... led by a gnoll sergeant
              (6 damage)
             ... on level 4 of the Dungeon.
             The game lasted 00:06:39 (3594 turns).

nightchill the Cudgeller (Gargoyle Fighter)         Turns: 3594, Time: 00:06:40

Health: -3/45      AC: 11    Str: 20    XL:     7   Next: 26%
Magic:  7/7        EV:  9    Int: 10    God:
Gold:   236        SH:  4    Dex:  9    Spells: 6/6 levels left

rFire   . . .      SeeInvis .   w - +0 morningstar
rCold   . . .      Faith    .   c - +0 buckler
rNeg    + . .      Spirit   .   b - +0 scale mail
rPois   ∞          Reflect  .   (no helmet)
rElec   +          Harm     .   (no cloak)
rCorr   .          Rampage  .   (no gloves)
Will    .....                   (no boots)
Stlth   ..........              (no amulet)
HPRegen 0.15/turn               (no ring)
MPRegen 0.10/turn               (no ring)

@: no status effects
A: sickness immunity, AC +4, negative energy resistance 1, electricity
resistance, torment resistance 1, petrification resistance
a: no special abilities


You were on level 4 of the Dungeon.
You visited 1 branch of the dungeon, and saw 4 of its levels.

You collected 236 gold pieces.

Inventory:

Hand Weapons
 a - a +0 flail
 g - a +2 flail of draining
 w - a +0 morningstar (weapon)
Armour
 b - a +0 scale mail (worn)
 c - a +0 buckler (worn)
Scrolls
 e - 2 scrolls of immolation {unknown}
 f - 2 scrolls of enchant armour {unknown}
 i - 9 scrolls of identify {unknown}
 j - 3 scrolls of noise {unknown}
 k - a scroll of enchant weapon {unknown}
 n - 2 scrolls of amnesia {unknown}
 o - a scroll of teleportation {unknown}
 p - a scroll of blinking {unknown}
 r - a scroll of summoning {unknown}
 s - a scroll of magic mapping {unknown}
 x - a scroll of vulnerability {unknown}
Potions
 d - a potion of might
 h - 2 potions of brilliance {unknown}
 l - 3 potions of lignification {unknown}
 m - a potion of mutation {unknown}
 q - a potion of resistance {unknown}
 t - a potion of invisibility {unknown}
 u - a potion of magic {unknown}
 v - 4 potions of curing {unknown}


   Skills:
 + Level 5.7 Fighting
 * Level 6.4 Maces & Flails
 - Level 3.2 Armour
 - Level 3.2 Shields


You had 6 spell levels left.
You didn't know any spells.
Your spell library contained the following spells:

 Spells                   Type           Power      Damage    Failure   Level
 Necrotise                Necr           0%         1d4       80%         1
 Vampiric Draining        Necr           0%         2d6       99%         3
 Agony                    Necr           0%         N/A       100%        5


Dungeon Overview and Level Annotations

Branches:
Dungeon (4/15)
 Temple: D:4-7

Altars:
Cheibriados
Dithmenos
Zin

Shops:
D:2 *(   D:3 *

Annotations:
D:3 exclusion: downstairs


Innate Abilities, Weirdness & Mutations

You are immune to sickness and miasma.
Your stone body is resilient. (AC +4)
You are immune to poison.
You resist negative energy. (rN+)
You are resistant to electric shocks. (rElec)
You are resistant to unholy torment.
You are immune to petrification.


Message History

You puncture the gnoll sergeant!
The gnoll sergeant is severely wounded.
The gnoll sergeant hits you with a +0 spear.
The gnoll sergeant blocks your attack.
The gnoll sergeant is severely wounded.
The gnoll sergeant hits you with a +0 spear.
You thump the gnoll sergeant!
You kill the gnoll sergeant!
You barely miss the gnoll. The gnoll hits you with a +0 mace.
You closely miss the gnoll. The gnoll hits you but does no damage.
The gnoll hits you with a +0 mace.
You hit the gnoll.
The gnoll is heavily wounded.
The gnoll hits you with a +0 mace.
You puncture the gnoll!
You kill the gnoll!
Items here: )) [[.
You barely miss the gnoll.
The gnoll hits you with a +4 flail of protection!
You closely miss the gnoll. The gnoll closely misses you.
The gnoll hits you but does no damage. The gnoll hits you but does no damage.
The gnoll hits you with a +0 spear. The gnoll barely misses you.
The gnoll attacks as you move away! The gnoll closely misses you.
You block the gnoll's attack. The gnoll attacks as you move away!
The gnoll hits you with a +4 flail of protection!
* * * LOW HITPOINT WARNING * * *
An iguana comes into view.
The gnoll attacks as you move away! The gnoll completely misses you.
You barely miss the iguana.
The gnoll hits you with a +4 flail of protection!
* * * LOW HITPOINT WARNING * * *
The iguana bites you but does no damage.
You closely miss the iguana.
The gnoll hits you with a +4 flail of protection.
* * * LOW HITPOINT WARNING * * *
The iguana barely misses you.
The gnoll hits you from afar with a +0 spear.
You die...

>....#.#.#....####
...###.#.#.......######
##.....#.#............#
########.#.#...#.####.#
.......#.#.#.#.#.# #.#
....##.#.#.#.#.#g# #.#
....##.# #.#.#)#g# #.#
....##.# #.#.#.#g# #.#
....##.# #.#.#.#@# #.#
....##.# #.#.#.#l# #.#
....##.# #.#.#.#.# #.#
....##.# #.#.#.# #.#
....##.# #...# #.#
....##.# ..#.. #.# #.#
#.#.# #.# #.# #.... #.#
#.# #.#


You could see an iguana and 3 gnolls.

Vanquished Creatures
  Grinder (D:3)
  A gnoll sergeant (D:4)
  A jelly (D:4)
  2 iguanas (D:4)
  5 adders
  2 gnolls (D:4)
  2 river rats (D:3)
  An ufetubus (D:3)
  3 worms
  2 dart slugs
  10 orcs
  10 ball pythons
  5 bats
  5 endoplasms
  2 giant cockroaches
  9 goblins
  7 hobgoblins
  2 jackals (D:2)
  8 kobolds
  2 quokkas
  2 frilled lizards
  5 rats
87 creatures vanquished.

Notes
Turn   | Place    | Note
-------+----------+-------------------------------------------
     0 | D:1      | nightchill the Gargoyle Fighter began the quest for the
                  | Orb.
     0 | D:1      | Reached XP level 1. HP: 14/14 MP: 1/1
    94 | D:1      | Found a faded altar of an unknown god.
   151 | D:1      | Reached XP level 2. HP: 19/19 MP: 2/2
   926 | D:2      | Reached skill level 3 in Maces & Flails
   934 | D:2      | Reached XP level 3. HP: 23/24 MP: 3/3
  1040 | D:2      | Found Pilugu's Assorted Antiques.
  1157 | D:2      | Found Pyewar's Weapon Shoppe.
  1293 | D:2      | Reached XP level 4. HP: 27/29 MP: 4/4
  1747 | D:3      | Found a snail-covered altar of Cheibriados.
  1788 | D:3      | Found a glowing silver altar of Zin.
  1788 | D:3      | Noticed Grinder
  1795 | D:3      | Paralysed by Grinder for 2 turns
  1804 | D:3      | Paralysed by Grinder for 5 turns
  1816 | D:3      | Killed Grinder
  1817 | D:3      | Reached skill level 5 in Fighting
  1817 | D:3      | Reached skill level 5 in Maces & Flails
  1817 | D:3      | Reached XP level 5. HP: 19/35 MP: 5/5
  1817 | D:3      | Reached XP level 6. HP: 22/40 MP: 6/6
  1965 | D:3      | Found a shadowy altar of Dithmenos.
  2652 | D:3      | Found Ylusi's General Store.
  3335 | D:4      | Reached skill level 6 in Maces & Flails
  3335 | D:4      | Reached XP level 7. HP: 29/44 MP: 7/7
  3594 | D:4      | Slain by a gnoll

Illustrated notes

Levels and vault maps discovered:
D:1:      grunt_arrival_crossed_arrows, layout_loops_ring,
          shapermc_ecumenical_altar_venn
D:2:      layout_loops_cross, serial_shops, nicolae_shop_bloodbath_and_beyond,
          nicolae_shop_hallway_plus, minmay_misc_feat_roman
D:3:      layout_basic, mainiacjoe_overflow_chevrons,
          mainiacjoe_overflow_small_starburst,
          nicolae_dithmenos_through_a_glass_darkly, serial_shops,
          nicolae_shop_hallway_plus, portal_sewer_entry_e, uniq_grinder
D:4:      layout_basic, grunt_gozag_breadcrumbs, mainiacjoe_overflow_two_lobes,
          serial_shops, shop, nicolae_shop_gadgets

Skill      XL: |  1  2  3  4  5  6 |
---------------+-------------------+-----
Maces & Flails | 3 5 6 |  6.4
Fighting       | 4 5 |  5.7
Armour         | |  3.2
Shields        | |  3.2

Action                   |  1- 3 |  4- 6 |  7- 9 || total
-------------------------+-------+-------+-------++-------
Melee: Flail             |    93 |    94 |       ||   187
       Morningstar       |       |    13 |    15 ||    28
  Use: Potion            |       |     1 |       ||     1
Armor: Scale mail        |    44 |    75 |     7 ||   126
Dodge: Dodged            |    40 |    61 |     7 ||   108
Block: Buckler           |    10 |    21 |     2 ||    33
